 Dungeon Crawl Stone Soup version 0.17-a0-670-g5d95ebd (webtiles) character file.

258 Leibowitz the Skirmisher (level 6, -1/38 HPs)
             Began as a Kobold Fighter on Apr 18, 2015.
             Was an Initiate of Trog.
             Slain by a worker ant (4 damage)
             ... on level 4 of the Dungeon.
             The game lasted 00:18:19 (4407 turns).

Leibowitz the Skirmisher (Kobold Fighter)           Turns: 4407, Time: 00:18:20

Health: -1/38      AC:  3    Str: 14    XL:     6   Next: 40%
Magic:  6/6        EV: 16    Int:  6    God:    Trog [......]
Gold:   237        SH:  7    Dex: 18    Spells: 0 memorised, 5 levels left

rFire  . . .     SeeInvis .     a - +0 rapier
rCold  . . .     Clarity  .     f - +0 leather armour
rNeg   . . .     SustAb   .     c - +1 buckler
rPois  .         Gourm    .     (no helmet)
rElec  .         Spirit   .     (no cloak)
rCorr  +         Warding  .     (no gloves)
rMut   .         Stasis   .     (no boots)
MR     .....                    g - amulet of resist corrosion
Stlth  ++........               (no ring)
                                (no ring)

@: lethally poisoned (-1 -> -5), not resistant to hostile enchantments,
unstealthy
A: carnivore 3
a: Burn Spellbooks, Renounce Religion


You were on level 4 of the Dungeon.
You worshipped Trog.
Trog was noncommittal.
You were very full.

You visited 1 branch of the dungeon, and saw 4 of its levels.
You also visited: Sewer.

You collected 237 gold pieces.

Inventory:

Hand weapons
 a - a +0 rapier (weapon)
Armour
 c - a +1 buckler (worn)
 f - a +0 leather armour (worn)
Jewellery
 g - an amulet of resist corrosion (around neck)
Scrolls
 l - a scroll of identify
Potions
 h - a potion of restore abilities
 i - a potion of agility
 j - 2 potions of flight
 k - a potion of invisibility
Comestibles
 b - 2 beef jerkies
 d - 4 meat rations


   Skills:
 + Level 4.1 Fighting
 + Level 4.0 Short Blades
 + Level 2.8 Armour
 + Level 3.9 Dodging
 + Level 2.3 Stealth
 + Level 3.1 Shields


You had 5 spell levels left.
You didn't know any spells.

Dungeon Overview and Level Annotations

Branches:
Dungeon (4/15)
 Temple: D:4-7

Altars:
Cheibriados
Dithmenos
Elyvilon
Fedhas
Gozag
Qazlal
Ru
Trog

Shops:
D:4 ?

Annotations:
D:4 Eustachio


Innate Abilities, Weirdness & Mutations

You are small and have problems with some larger weapons.
You are carnivorous and can eat meat at any time.


Message History

You feel sick. The worker ant closely misses you.
The worker ant closely misses you.
You barely miss the worker ant.
The worker ant is severely wounded.
The worker ant barely misses you.
You hit the worker ant.
The worker ant is almost dead.
You feel sick. The worker ant barely misses you.
You closely miss the worker ant.
The worker ant is almost dead.
You feel sick. The worker ant barely misses you.
You closely miss the worker ant.
The worker ant is almost dead.
The worker ant misses you. The worker ant bites you.
* * * LOW HITPOINT WARNING * * *
You hit the worker ant but do no damage.
The worker ant is almost dead.
* * * LOW HITPOINT WARNING * * *
You feel sick. The worker ant bites you.
You die...

####### ##### #####
......## #...###
####...# .......#
###...####....###
.....<.# ###......####
..#....# ##.....###
..#...## ######...#...#
..##### ##..##...##...#
..# ##......a###...# ..#
#.......@..##..# ..#
#..............# ..##
#..........∩...# ...#
#..............# ...#
##..............# ...#
##....._.........# ...#
##..#.............#
...###..##.............#
....#..###.............#


You could see a worker ant.

Vanquished Creatures
  A phantom (D:4)
  A worker ant (D:4)
  2 adders
  5 oozes (Sewer)
  An adder skeleton (D:3)
  7 worms
  2 giant geckos
  2 orcs (D:3)
  5 giant cockroaches
  8 goblins
  8 hobgoblins
  12 jackals (D:3)
  3 ball pythons
  17 bats
  5 giant newts
  3 kobolds (D:2)
  6 rats
88 creatures vanquished.

Notes
Turn   | Place    | Note
--------------------------------------------------------------
     0 | D:1      | Leibowitz, the Kobold Fighter, began the quest for the Orb.
     0 | D:1      | Reached XP level 1. HP: 14/14 MP: 1/1
   112 | D:1      | Found a bloodstained altar of Trog.
   112 | D:1      | Found a white marble altar of Elyvilon.
   116 | D:1      | Reached XP level 2. HP: 16/19 MP: 2/2
   786 | D:1      | Reached skill level 1 in Stealth
   955 | D:1      | Reached XP level 3. HP: 16/23 MP: 3/3
  1164 | D:2      | Found a snail-covered altar of Cheibriados.
  1330 | D:2      | Found an opulent altar of Gozag.
  1337 | D:2      | Reached skill level 1 in Dodging
  1925 | D:3      | Found a shadowy altar of Dithmenos.
  1926 | D:3      | Found a glowing drain.
  1961 | Sewer    | Entered a sewer
  1967 | Sewer    | Reached XP level 4. HP: 29/29 MP: 4/4
  3137 | D:3      | Found a blossoming altar of Fedhas.
  3143 | D:3      | Reached XP level 5. HP: 33/33 MP: 5/5
  3364 | D:3      | Found a sacrificial altar of Ru.
  3867 | D:3      | Found a stormy altar of Qazlal.
  3985 | D:4      | Noticed Eustachio
  4051 | D:4      | Found a bloodstained altar of Trog.
  4067 | D:4      | Found Lyfaol's Magic Scroll Shoppe.
  4184 | D:4      | Noticed a phantom
  4186 | D:4      | Became a worshipper of Trog the Wrathful
  4240 | D:4      | Killed a phantom
  4240 | D:4      | Reached skill level 4 in Fighting
  4240 | D:4      | Reached XP level 6. HP: 2/38 MP: 6/6
  4407 | D:4      | Slain by a worker ant

Action                   |  1- 3 |  4- 6 || total
-------------------------+-------+-------++-------
Melee: Rapier            |   121 |   292 ||   413
  Use: Potion            |     6 |     4 ||    10
       Scroll            |       |     4 ||     4
 Stab: Invisible         |     2 |       ||     2
       Sleeping          |     1 |     6 ||     7
  Eat: Chunk             |     5 |    14 ||    19
